 Dungeon Sprint DCSS version 0.29-a0-1033-gb6c65ffae6 (webtiles) character file.

Game seed: 11998318205889582507

157 mhtbhm the Arsonist (level 5, -1/28 HPs)
             Began as a Deep Elf Fire Elementalist on Aug 14, 2022.
             Engulfed by a cloud of steam (3 damage)
             ... in the Dungeon (Sprint III: "The Ten Rune Challenge").
             The game lasted 00:01:17 (732 turns).

mhtbhm the Arsonist (Deep Elf Fire Elementalist)     Turns: 732, Time: 00:01:17

Health: -1/28      AC:  3    Str:  4    XL:     5   Next: 15%
Magic:  2/17       EV: 14    Int: 21    God:
Gold:   23         SH:  0    Dex: 19    Spells: 6/19 levels left

rFire   . . .      SeeInvis +   j - +2 quarterstaff (chaos)
rCold   . . .      Faith    .   (shield currently unavailable)
rNeg    . . .      Spirit   .   a - +0 robe {Will+}
rPois   .          Reflect  .   (no helmet)
rElec   .          Harm     .   i - +0 cloak
rCorr   .          Rampage  .   (no gloves)
Will    +....      NoTele   +   (no boots)
Stlth   +++.......              (no amulet)
HPRegen 0.09/turn               (no ring)
MPRegen 0.15/turn               (no ring)

@: no status effects
A: hooves 1, see invisible, agile 1
a: no special abilities


You were in the Dungeon.
You visited 1 branch You collected 23 gold pieces.

Inventory:

Hand Weapons
 j - a +2 quarterstaff of chaos (weapon)
Armour
 a - a +0 robe of willpower (worn)
 i - a +0 cloak (worn)
Wands
 h - a wand of polymorph (4)
Scrolls
 g - a scroll of blinking
 l - a scroll of poison {unknown}
 m - a scroll of immolation {unknown}
 n - a scroll of torment {unknown}
 o - 2 scrolls of identify
Potions
 b - 3 potions of magic
 c - 2 potions of curing
 d - 2 potions of heal wounds
 e - a potion of haste
 f - a potion of berserk rage
 k - 2 potions of mutation
 p - a potion of brilliance {unknown}


   Skills:
 + Level 0.3 Fighting
 + Level 4.6 Dodging
 + Level 5.0 Stealth
 + Level 7.5 Spellcasting
 + Level 3.3 Conjurations
 + Level 8.3 Fire Magic


You had 6 spell levels left.
You knew the following spells:

 Your Spells              Type           Power      Damage    Failure   Level
a - Foxfire               Conj/Fire      100%       2x1d9     1%          1
b - Scorch                Fire           84%        2d9       1%          2
c - Conjure Flame         Conj/Fire      32%        6-21      2%          3
d - Inner Flame           Hex/Fire       25%        N/A       4%          3
e - Flame Wave            Conj/Fire      32%        2d9       8%          4

Your spell library contained the following spells:

 Spells                   Type           Power      Damage    Failure   Level


Dungeon Overview and Level Annotations

Branches:
Dungeon (1/1)

Altars:
Kikubaaqudgha
Sif Muna
Vehumet


Innate Abilities, Weirdness & Mutations

You have large cloven feet.
You have supernaturally acute eyesight. (SInv)
You are agile. (Dex +4, Str/Int -1)


Message History

You have reached level 5!
A wave of flame ripples out!
The flame wave engulfs the white imp!
The white imp is burned terribly!
The white imp is severely wounded.
The flame wave engulfs the iron imp.
The iron imp completely resists.
The flame wave engulfs the iron imp.
The iron imp completely resists.
You smell burning wood.
The flame wave engulfs the kobold demonologist.
The kobold demonologist is heavily wounded.
You finish channelling waves of flame.
You are engulfed in a cloud of scalding steam.
The white imp barely misses you.
Unknown command.
Unknown command.
Casting: Flame Wave (quite dangerous; 8% risk of failure)
Confirm with . or Enter, or press ? or * to list all spells.
The spell is quite dangerous to miscast (8% risk of failure)!
Continue anyway?
Casting: Flame Wave (quite dangerous; 8% risk of failure)
Press: ? - help, Dir - look around, f - activate A wave of flame ripples out!
The flame wave engulfs the white imp.
The white imp is burned terribly!
You kill the white imp!
The white imp disappears in a puff of smoke! (Press . to intensify the flame waves.)
You are engulfed in a cloud of scalding steam.
The iron imp summons a swarm of flies.
A wave of flame ripples out!
The flame wave engulfs the iron imp.
The iron imp completely resists.
The flame wave engulfs the iron imp.
The iron imp completely resists.
You are engulfed in a cloud of scalding steam.
* * * LOW HITPOINT WARNING * * *
The iron imp completely misses you.
A wave of flame ripples out!
The flame wave engulfs the iron imp.
The iron imp completely resists.
The flame wave engulfs the iron imp.
The iron imp completely resists.
The flame wave engulfs the kobold demonologist but does no damage.
The kobold demonologist is heavily wounded.
You finish channelling waves of flame.
You are engulfed in a cloud of scalding steam.
You die...

#..'.....♣ ♣.#
#..#.....♣ ♣♣.#
####.....♣♣ ♣..#
...#....~.♣♣♣..###+#+###
...#...~~♣..♣♣.#........
.§)#..~~~~..♣♣.'.§§.....
##'#..~≈≈~~~♣♣.#§§.#####
...#.~~≈~~~....#§§.#
...#.~≈~~~.....#@..#
...#.~~~.......#5###
####...........#5K
........÷......#___
▓▓▓▓▓▓▓▓▓▓▓▓▓▓▓▓▓▓▓▓


You could see a kobold demonologist and 2 iron imps.

Vanquished Creatures
  A water elemental (D)
  Crazy Yiuf (D)
  A wizard (D)
  Jessica (D)
  A human (D)
  An endoplasm (D)
  A rat (D)
7 creatures vanquished.

Vanquished Creatures (others)
  33 foxfires (D)
33 creatures vanquished.

Grand Total: 40 creatures vanquished

Notes
Turn   | Place    | Note
-------+----------+-------------------------------------------
     0 | D        | mhtbhm the Deep Elf Fire Elementalist began the quest for
                  | the Orb.
     0 | D        | Reached XP level 1. HP: 10/10 MP: 6/6
   169 | D        | Noticed Jessica
   174 | D        | Killed Jessica
   175 | D        | Reached skill level 5 in Fire Magic
   175 | D        | Reached XP level 2. HP: 15/15 MP: 3/9
   360 | D        | Reached skill level 5 in Spellcasting
   360 | D        | Reached skill level 6 in Fire Magic
   360 | D        | Reached XP level 3. HP: 15/19 MP: 1/11
   414 | D        | Learned a level 2 spell: Scorch
   418 | D        | Learned a level 3 spell: Conjure Flame
   422 | D        | Learned a level 3 spell: Inner Flame
   446 | D        | Noticed Crazy Yiuf
   459 | D        | Killed Crazy Yiuf
   460 | D        | Reached XP level 4. HP: 24/24 MP: 7/13
   492 | D        | Gained mutation: You are agile. (Dex +4, Str/Int -1)
                  | [potion of mutation]
   492 | D        | Gained mutation: You have supernaturally acute eyesight.
                  | (SInv) [potion of mutation]
   492 | D        | Gained mutation: You have large cloven feet. [potion of
                  | mutation]
   629 | D        | Learned a level 4 spell: Flame Wave
   629 | D        | Noticed a water elemental
   631 | D        | Killed a water elemental
   632 | D        | Reached skill level 7 in Fire Magic
   725 | D        | Found a radiant altar of Vehumet.
   725 | D        | Found a shimmering blue altar of Sif Muna.
   725 | D        | Found an ancient bone altar of Kikubaaqudgha.
   725 | D        | Noticed a wizard
   728 | D        | Killed a wizard
   729 | D        | Reached skill level 5 in Stealth
   729 | D        | Reached skill level 8 in Fire Magic
   729 | D        | Reached XP level 5. HP: 28/28 MP: 9/17
   732 | D        | Engulfed by a cloud of steam

Illustrated notes

Levels and vault maps discovered:
D:        dungeon_sprint_mu [sprint_mu_entry_forest, sprint_mu_temple_rooms,
          sprint_mu_d1_spiders, sprint_mu_d2_genie, sprint_mu_d3_branching,
          sprint_mu_orc_legion, sprint_mu_elf_gauntlet, sprint_mu_hive_nellie,
          sprint_mu_lair_fedhas, sprint_mu_vaults_butterflies,
          sprint_mu_slime_circle, sprint_mu_swamp_cave, sprint_mu_snake_twists,
          sprint_mu_blade_basic, sprint_mu_crypt_lich, sprint_mu_tomb_spiral,
          sprint_mu_vestibule_basic, sprint_mu_gehenna_hellfire,
          sprint_mu_dis_giant, sprint_mu_tartarus_statrot,
          sprint_mu_cocytus_islands, sprint_mu_zot1]

Skill      XL: |  1  2  3  4 |
---------------+-------------+-----
Dodging        | 3 4 |  4.6
Stealth        | 4 5 |  5.0
Spellcasting   | 4 5 7 |  7.5
Fire Magic     | 5 6 8 |  8.3
Conjurations   | 2 3 |  3.3
Fighting       | |  0.3

Action                   |  1- 3 |  4- 6 || total
-------------------------+-------+-------++-------
 Cast: Foxfire           |    19 |       ||    19
       Scorch            |     1 |     3 ||     4
       Flame Wave        |       |     2 ||     2
  Use: Potion            |       |     1 ||     1
Dodge: Dodged            |     1 |     2 ||     3

Table legend: (Time is in decaauts)
 A = Elapsed time spent in this place.
 B = Non-inter-level travel time spent in this place.
 C = Inter-level travel time spent in this place.
 D = Time resting spent in this place.
 E = Time spent auto-exploring this place.
 F = Levels seen in this place.
 G = Mean time per level.
                   A        B        C        D        E       F      G
               +--------+--------+--------+--------+--------+-----+--------+
         Total |    735 |    735 |      0 |    572 |      1 |   1 |  735.0 |
       Dungeon |    735 |    735 |      0 |    572 |      1 |   1 |  735.0 |
               +--------+--------+--------+--------+--------+-----+--------+

Top non-repeatable levels by time:
       D: 735 daAuts
